 Dungeon Crawl Stone Soup version 0.31-a0-844-gdc52ec4e09 (webtiles) character file.

Game seed: 12844310690011055446

1129 JackS81 the Cudgeller (level 8, -3/49 HPs)
             Began as a Gargoyle Monk on Sept 29, 2023.
             Slain by an orc warrior
             ... wielding a +1 vampiric long sword
              (5 damage)
             ... on level 5 of the Dungeon.
             The game lasted 00:16:54 (3924 turns).

JackS81 the Cudgeller (Gargoyle Monk)               Turns: 3924, Time: 00:16:55

Health: -3/49      AC: 12    Str: 17      XL:     8   Next: 35%
Magic:  8/8        EV: 11    Int: 10 (11) God:
Gold:   210        SH:  0    Dex: 10 (12) Spells: 7/7 levels left

rFire   . . .        k - staff of poison
rCold   . . .        d - orb {light}
rNeg    + . .        e - +0 ring mail
rPois   ∞            (no helmet)
rElec   +            (no cloak)
rCorr   .            (no gloves)
SInv    .            v - +0 pair of boots
Will    .....        s - amulet of regeneration
Stlth   +            i - ring of wizardry
HPRegen 1.08/turn    x - ring of wizardry
MPRegen 0.11/turn

%: wizardry (x2)
@: glowing
A: sickness immunity, AC +5, negative energy resistance 1, electricity
resistance, torment resistance 1, petrification resistance
a: no special abilities


You were on level 5 of the Dungeon.
You visited 1 branch of the dungeon, and saw 5 of its levels.

You collected 210 gold pieces.

Inventory:

Hand Weapons
 a - a +0 mace
 c - a +2 short sword of speed
 u - a +2 short sword of flaming
Missiles
 h - 67 stones (quivered)
 y - 4 poisoned darts
Armour
 b - a +0 robe
 d - an orb of light (worn)
 e - a +0 ring mail (worn)
 g - a +0 buckler
 n - a scarf of harm
 v - a +0 pair of boots (worn)
Magical Staves
 k - a staff of poison (weapon)
Jewellery
 i - a ring of wizardry (left hand)
 q - a ring of resist corrosion
 s - an amulet of regeneration (around neck)
 x - a ring of wizardry (right hand)
Wands
 m - a wand of quicksilver (11)
Scrolls
 f - a scroll of revelation
 j - a scroll of brand weapon {unknown}
 l - a scroll of amnesia
 o - a scroll of vulnerability {unknown}
 p - a scroll of silence {unknown}
 t - 4 scrolls of teleportation {unknown}
 A - a scroll of enchant weapon {unknown}
Potions
 w - 2 potions of curing


   Skills:
 + Level 5.1 Fighting
 * Level 5.2 Maces & Flails
 + Level 4.8 Armour
 + Level 4.1 Dodging
 + Level 1.1 Stealth
 * Level 3.0 Poison Magic
 * Level 2.6 Evocations


You had 7 spell levels left.
You didn't know any spells.
Your spell library was empty.

Dungeon Overview and Level Annotations

Branches:
Dungeon (5/15)
 Temple: D:4-7

Altars:
Makhleb
Xom


Innate Abilities, Weirdness & Mutations

You are immune to sickness and miasma.
Your stone body is resilient. (AC +5)
You are immune to poison.
You resist negative energy. (rN+)
You are resistant to electric shocks. (rElec)
You are resistant to unholy torment.
You are immune to petrification.


Message History

The orc warrior misses you.
The orc warrior looks more healthy.
You barely miss the orc warrior.
The orc warrior is severely wounded.
The orc warrior hits you with a +1 vampiric long sword.
* * * LOW HITPOINT WARNING * * *
The orc warrior attacks as it pursues you!
The orc warrior closely misses you.
You barely miss the orc warrior.
The orc warrior is severely wounded.
The orc warrior hits you with a +1 vampiric long sword!
* * * LOW HITPOINT WARNING * * *
You hit the orc warrior.
The orc warrior is severely wounded.
The orc warrior hits you with a +1 vampiric long sword.
* * * LOW HITPOINT WARNING * * *
Okay, then.
You barely miss the orc warrior.
The orc warrior is severely wounded.
The orc warrior hits you with a +1 vampiric long sword.
* * * LOW HITPOINT WARNING * * *
The orc warrior attacks as it pursues you!
The orc warrior barely misses you.
You hit the orc warrior.
The orc warrior is almost dead.
The orc warrior hits you with a +1 vampiric long sword.
* * * LOW HITPOINT WARNING * * *
The orc warrior attacks as it pursues you!
The orc warrior hits you with a +1 vampiric long sword.
* * * LOW HITPOINT WARNING * * *
You hit the orc warrior but do no damage.
The orc warrior is severely wounded.
The orc warrior closely misses you.
You hit the orc warrior.
The orc warrior is almost dead.
The orc warrior hits you with a +1 vampiric long sword.
* * * LOW HITPOINT WARNING * * *
The orc warrior attacks as it pursues you!
The orc warrior hits you with a +1 vampiric long sword.
You die...

### #.##########
#.........s#
#.########.# ###### #.#
#o#### #..... #s# ####
#.@..# #.#... #.#
...######.#########.#.##
#.#
...'.............##.#.##
#.#
...######.######.#....#.
#)# ...#
#.######.#...).. #.#
...#### #.....[..'...)#.
######.##>......
########.#....##
.........r# #.#....##
##.....##o..# #.#......


You could see an orc warrior and a scorpion.

Vanquished Creatures
  Eustachio (D:4)
  A sky beast (D:5)
  A black bear (D:4)
  An ogre (D:5)
  3 scorpions
  2 howler monkeys
  A gnoll bouda (D:5)
  3 hounds
  2 sleepcaps
  5 iguanas (D:5)
  9 adders
  3 dart slugs (D:1)
  7 orcs
  7 bats
  6 endoplasms
  4 giant cockroaches
  3 goblins
  11 hobgoblins
  14 kobolds
  4 quokkas
  6 ball pythons
  11 frilled lizards
  3 rats
108 creatures vanquished.

Vanquished Creatures (others)
  A ball python (D:1)
1 creature vanquished.

Grand Total: 109 creatures vanquished

Notes
Turn   | Place    | Note
-------+----------+-------------------------------------------
     0 | D:1      | JackS81 the Gargoyle Monk began the quest for the Orb.
     0 | D:1      | Reached XP level 1. HP: 14/14 MP: 1/1
   114 | D:1      | Reached XP level 2. HP: 19/19 MP: 2/2
   441 | D:1      | Reached XP level 3. HP: 23/23 MP: 3/3
  1166 | D:2      | Reached XP level 4. HP: 29/29 MP: 4/4
  1412 | D:2      | Reached skill level 1 in Armour
  1892 | D:3      | Reached XP level 5. HP: 25/33 MP: 5/5
  1930 | D:3      | Found a burning altar of Makhleb.
  2032 | D:3      | Found a faded altar of an unknown god.
  2427 | D:4      | Noticed a black bear
  2428 | D:4      | Noticed Eustachio
  2582 | D:4      | Reached skill level 1 in Poison Magic
  2693 | D:4      | Killed a black bear
  2694 | D:4      | Reached skill level 1 in Stealth
  2694 | D:4      | Reached skill level 1 in Evocations
  2694 | D:4      | Reached XP level 6. HP: 23/38 MP: 6/6
  2739 | D:4      | Killed Eustachio
  2803 | D:4      | Reached XP level 7. HP: 44/44 MP: 7/7
  3250 | D:5      | Entered Level 5 of the Dungeon
  3643 | D:5      | Reached skill level 5 in Maces & Flails
  3643 | D:5      | Reached XP level 8. HP: 44/48 MP: 8/8
  3653 | D:5      | Found a shimmering altar of Xom.
  3681 | D:5      | Reached skill level 5 in Fighting
  3915 | D:5      | HP: 1/49 [orc warrior/+1 vampiric long sword (5)]
  3921 | D:5      | HP: 1/49 [orc warrior/+1 vampiric long sword (3)]
  3924 | D:5      | Slain by an orc warrior

Illustrated notes

Levels and vault maps discovered:
D:1:      lemuel_arrival_broad_hall, layout_loops_cross, lemuel_flame_loot_1
D:2:      minmay_alternating_diamond, layout_loops_ring,
          minmay_misc_feat_pillars
D:3:      layout_loops_cross, mainiacjoe_overflow_paths,
          ebering_ecumenical_altar_webs
D:4:      layout_cave_pools, hangedman_decor_peaks_small,
          nicolae_figureground_sparkle, uniq_eustachio
D:5:      layout_basic, xom_confusion_cloud, minmay_misc_feat_enclosed,
          serial_bayou_pond_b, roderic_batcave, minmay_lizard_king

Skill      XL: |  1  2  3  4  5  6  7  8 |
---------------+-------------------------+-----
Fighting       | 4 5 |  5.1
Maces & Flails | 4 5 |  5.2
Armour         | 1 2 4 |  4.8
Dodging        | 3 4 |  4.1
Poison Magic   | 1 2 3 |  3.0
Stealth        | 1 |  1.1
Evocations     | 1 2 |  2.6

Action                     |  1- 3 |  4- 6 |  7- 9 || total
---------------------------+-------+-------+-------++-------
  Melee: Mace              |   123 |     1 |       ||   124
         Staff             |       |   241 |   271 ||   512
  Throw: Stone             |       |     5 |     5 ||    10
    Use: Scroll            |       |     2 |       ||     2
         Potion            |       |     7 |     3 ||    10
 Armour: Robe              |     9 |       |       ||     9
         Ring mail         |    87 |   179 |   208 ||   474
         Skin              |       |     8 |       ||     8
  Dodge: Dodged            |    95 |   188 |   175 ||   458

Table legend: (Time is in decaauts)
 A = Elapsed time spent in this place.
 B = Non-inter-level travel time spent in this place.
 C = Inter-level travel time spent in this place.
 D = Time resting spent in this place.
 E = Time spent auto-exploring this place.
 F = Levels seen in this place.
 G = Mean time per level.
                   A        B        C        D        E       F      G
               +--------+--------+--------+--------+--------+-----+--------+
         Total |   3985 |   3791 |    194 |    153 |   2194 |   5 |  797.0 |
       Dungeon |   3985 |   3791 |    194 |    153 |   2194 |   5 |  797.0 |
               +--------+--------+--------+--------+--------+-----+--------+

Top non-repeatable levels by time:
     D:1: 1032 daAuts
     D:3: 826 daAuts
     D:4: 735 daAuts
     D:2: 705 daAuts
     D:5: 685 daAuts
